 Dungeon Crawl Stone Soup version 0.32-a0-571-gec57dfcd37 (webtiles) character file.

Game seed: 10721351416505714362

1192 hikkokomori the Trooper (level 8, -2/73 HPs)
             Began as a Mountain Dwarf Cinder Acolyte on Mar 1, 2024.
             Was a High Priest of Ignis.
             Slain by a white imp (5 damage)
             ... on level 6 of the Dungeon.
             The game lasted 00:09:59 (5021 turns).

hikkokomori the Trooper (MDCA)                      Turns: 5021, Time: 00:09:59

Health: -2/73      AC:  4    Str: 15    XL:     8   Next: 20%
Magic:  7/12       EV: 11    Int: 17    God:    Ignis [*****.]
Gold:   400        SH:  0    Dex:  5    Spells: 6/13 levels left

rFire   + + .        i - +9 short sword of Veptaedd {elec, +Blink rElec Str-2}
rCold   . . .        (no shield)
rNeg    . . .        j - +2 robe {rF+}
rPois   +            (no helmet)
rElec   +            (no cloak)
rCorr   .            (no gloves)
SInv    +            (no boots)
Will    .....        (no amulet)
Stlth   +            o - ring of poison resistance
HPRegen 0.32/turn    s - ring of see invisible
MPRegen 0.13/turn

%: no passive effects
@: no status effects
A: runic magic, artefact enchanting
a: Renounce Religion, Evoke Blink, Fiery Armour, Foxfire Swarm, Rising Flame


You were on level 6 of the Dungeon.
You worshipped Ignis.
Ignis was extremely pleased with you.
You visited 2 branches of the dungeon, and saw 7 of its levels.

You collected 400 gold pieces.

Inventory:

Hand Weapons
 a - a -1 mace of flaming
 i - the +9 short sword of Veptaedd (weapon) {elec, +Blink rElec Str-2}
   (You found it on level 2 of the Dungeon)

   Str-2:     It affects your strength (-2).
   rElec:     It insulates you from electricity.
   +Blink:    It lets you blink.
Armour
 b - a +0 robe
 d - a +0 ring mail
 j - a +2 robe of fire resistance (worn)
 v - a +0 pair of gloves
Jewellery
 o - a ring of poison resistance (left hand)
 s - a ring of see invisible (right hand)
 t - a ring of resist corrosion
 y - a ring of fire
Wands
 n - a wand of charming (14)
Scrolls
 e - a scroll of fear {unknown}
 f - 2 scrolls of identify {unknown}
 k - 2 scrolls of fog {unknown}
 m - 2 scrolls of enchant armour {unknown}
 q - 2 scrolls of revelation {unknown}
 x - a scroll of blinking {unknown}
Potions
 c - a potion of magic {unknown}
 g - 3 potions of heal wounds {unknown}
 h - 2 potions of lignification {unknown}
 l - a potion of degeneration {unknown}
 p - 2 potions of haste {unknown}
 r - 2 potions of mutation {unknown}
 u - 2 potions of invisibility {unknown}
 w - a potion of curing {unknown}


   Skills:
 + Level 7.3 Fighting
 - Level 3.0 Short Blades
 - Level 5.6 Maces & Flails
 - Level 3.0 Spellcasting
 - Level 4.0 Hexes
 - Level 4.0 Fire Magic


You had 6 spell levels left.
You knew the following spells:

 Your Spells              Type           Power      Damage    Failure   Level
a - Scorch                Fire           32%        2d6       4%          2
b - Confusing Touch       Hex            16%        N/A       10%         3
c - Blink                 Tloc           4%         N/A       26%         2

Your spell library contained the following spells:

 Spells                   Type           Power      Damage    Failure   Level
 Slow                     Hex            64%        N/A       3%          1
 Sigil of Binding         Hex            16%        N/A       10%         3
 Volatile Blastmotes      Fire/Tloc      18%        2d11      22%         3
 Lesser Beckoning         Tloc           4%         N/A       26%         2
 Momentum Strike          Conj/Tloc      4%         3d8       26%         2
 Vampiric Draining        Necr           2%         2d6       45%         3
 Flame Wave               Conj/Fire      9%         2d6       58%         4
 Fulminant Prism          Conj/Alch      1%         3d5       86%         4
 Iskenderun's Mystic Bla  Conj/Tloc      2%         2d3       86%         4
 Summon Cactus Giant      Summ           1%         N/A       100%        6


Dungeon Overview and Level Annotations

Branches:
Dungeon (6/15)             Temple (1/1) D:6

Altars:
Ashenzari
Cheibriados
Dithmenos
Elyvilon
Hepliaklqana
Kikubaaqudgha
Nemelex Xobeh
Okawaru
Qazlal
Ru
Sif Muna
Uskayaw
Vehumet
Wu Jian
Yredelemnul
The Shining One

Shops:
D:2 [=


Innate Abilities, Weirdness & Mutations

Your spellcasting is much less encumbered by armour.
You can use scrolls of enchantment on lesser artefacts.


Message History

The centaur kicks you.
* * * LOW HITPOINT WARNING * * *
You hit the centaur but do no damage.
The centaur appears confused.
The white imp puffs mist at you. The centaur barely misses you.
The centaur kicks you but does no damage.
The centaur hits itself.
The centaur kicks itself but does no damage.
You hit the centaur.
The centaur is moderately wounded.
You hit the centaur but do no damage.
The centaur is moderately wounded.
The centaur hits you.
* * * LOW HITPOINT WARNING * * *
The centaur closely misses you.
You hit the centaur.
The centaur is severely wounded.
You puncture the centaur!
You kill the centaur!
The white imp hits you.
* * * LOW HITPOINT WARNING * * *
The white imp freezes you.
* * * LOW HITPOINT WARNING * * *
Your Fighting skill increases to level 7!
You barely miss the white imp.
Casting: Confusing Touch (dangerous; 10% risk of failure)
Confirm with . or Enter, or press ? or * to list all spells.
You don't know that spell.
Casting: Confusing Touch (dangerous; 10% risk of failure)
Confirm with . or Enter, or press ? or * to list all spells.
Your hands begin to glow red.
The white imp gestures at you. The puff of frost hits you!
* * * LOW HITPOINT WARNING * * *
You hit the white imp but do no damage.
The white imp appears confused.
The white imp hits you.
* * * LOW HITPOINT WARNING * * *
The white imp freezes you.
You die...
Ignis goes out, and joins you in death.

...# ##.#...###..
....##.....###... ##..
...........###... #...
#.#..#.♣.♣.....## ..5..
#.#.....>..###### .....
#.####.♣.♣.##.... ......
##.####......#.... #..c..#
#........##.......
.....).###@)..........#....
........l5..........#......
.......###........#..##....
#.....# #####..#.##.......
##...# #####..............
#.######<.>...............
$?......÷.....)......[.##.[
# .########...............#
#...#..........#...


You could see an iguana and a white imp (confused).

Vanquished Creatures
  Sigmund (D:2)
  An ice beast (D:6)
  A black bear (D:6)
  An ogre (D:6)
  A centaur (D:6)
  4 scorpions
  3 bombardier beetles
  A hound (D:4)
  3 jellies
  3 iguanas
  An orc wizard (D:5)
  8 adders
  3 dart slugs
  2 ribbon worms
  5 orcs
  5 bats
  An endoplasm (D:2)
  4 giant cockroaches
  2 goblins
  9 hobgoblins
  2 quokkas
  6 ball pythons
  2 frilled lizards
  8 kobolds
  7 rats
84 creatures vanquished.

Notes
Turn   | Place    | Note
-------+----------+-------------------------------------------
     0 | D:1      | hikkokomori the Mountain Dwarf Cinder Acolyte began the
                  | quest for the Orb.
     0 | D:1      | Reached XP level 1. HP: 19/19 MP: 2/2
   231 | D:1      | Reached XP level 2. HP: 26/26 MP: 3/3
   743 | D:1      | Learned a level 2 spell: Scorch
  1218 | D:2      | Reached XP level 3. HP: 30/33 MP: 5/5
  1237 | D:2      | Identified the +9 short sword of Veptaedd {elec, +Blink
                  | rElec Str-2}
  1277 | D:2      | Found Tyuwkura's Armour Shoppe.
  1417 | D:2      | Noticed Sigmund
  1424 | D:2      | Killed Sigmund
  1425 | D:2      | Reached skill level 4 in Fighting
  1425 | D:2      | Reached skill level 5 in Maces & Flails
  1425 | D:2      | Reached XP level 4. HP: 27/41 MP: 1/7
  1425 | D:2      | Reached XP level 5. HP: 31/47 MP: 1/8
  1494 | D:2      | Found Vased's Jewellery Shop.
  1686 | D:2      | Found a stormy altar of Qazlal.
  1760 | D:2      | Learned a level 3 spell: Confusing Touch
  2016 | D:3      | Reached skill level 5 in Fighting
  2406 | D:3      | Reached skill level 1 in Hexes
  2406 | D:3      | Reached XP level 6. HP: 41/56 MP: 9/9
  2572 | D:3      | Learned a level 2 spell: Blink
  2826 | D:3      | Found a snail-covered altar of Cheibriados.
  3640 | D:5      | Entered Level 5 of the Dungeon
  3692 | D:5      | Reached skill level 6 in Fighting
  3707 | D:5      | Reached skill level 1 in Short Blades
  3707 | D:5      | Reached XP level 7. HP: 50/63 MP: 10/10
  4208 | D:5      | Found a basalt altar of Yredelemnul.
  4208 | D:5      | Found a stormy altar of Qazlal.
  4535 | D:6      | Found a staircase to the Ecumenical Temple.
  4582 | Temple   | Entered the Ecumenical Temple
  4833 | D:6      | Reached XP level 8. HP: 71/71 MP: 8/12
  5019 | D:6      | Reached skill level 7 in Fighting
  5021 | D:6      | HP: 3/73 [white imp (3)]
  5021 | D:6      | Slain by a white imp

Illustrated notes

Levels and vault maps discovered:
D:1:      sevenhm_arrival_forest_fort_small_5, layout_basic
D:2:      layout_loops_corners, serial_shops, shop, nicolae_shop_tiny_glass,
          basic_altar, minmay_misc_feat_four_crosses, serial_bayou_pond_b,
          uniq_sigmund
D:3:      layout_basic, chei_slow_surprise, serial_corexii_hall,
          corexii_hall_statues_t, chequers_hall_statues_y,
          corexii_hall_statues_l, corexii_hall_statues_s
D:4:      layout_rooms
D:5:      layout_basic, mainiacjoe_overflow_divided_tiny, kennysheep_donut
D:6:      layout_rooms, minmay_temple_entry_trees
Temple:   cyrus_circular_temple

Skill      XL: |  1  2  3  4  5  6  7  8 |
---------------+-------------------------+-----
Maces & Flails | 4 5 |  5.6
Fire Magic     | 4 |  4.0
Fighting       | 4 5 6 7 |  7.3
Spellcasting   | 2 3 |  3.0
Hexes          | 1 3 4 |  4.0
Short Blades   | 1 2 3 |  3.0

Action                     |  1- 3 |  4- 6 |  7- 9 || total
---------------------------+-------+-------+-------++-------
  Melee: Mace              |    94 |       |       ||    94
         Short sword       |     3 |    89 |    78 ||   170
   Cast: Scorch            |     2 |       |       ||     2
         Confusing Touch   |       |       |     8 ||     8
   Stab: Confused          |       |       |     2 ||     2
 Armour: Ring mail         |    73 |       |       ||    73
         Robe              |     2 |    44 |    46 ||    92
  Dodge: Dodged            |    54 |    43 |    38 ||   135

Table legend: (Time is in decaauts)
 A = Elapsed time spent in this place.
 B = Non-inter-level travel time spent in this place.
 C = Inter-level travel time spent in this place.
 D = Time resting spent in this place.
 E = Time spent auto-exploring this place.
 F = Levels seen in this place.
 G = Mean time per level.
                   A        B        C        D        E       F      G
               +--------+--------+--------+--------+--------+-----+--------+
         Total |   5046 |   4779 |    267 |      3 |   4008 |   7 |  720.9 |
       Dungeon |   5025 |   4758 |    267 |      3 |   4008 |   6 |  837.5 |
        Temple |     21 |     21 |      0 |      0 |      0 |   1 |   21.0 |
               +--------+--------+--------+--------+--------+-----+--------+

Top non-repeatable levels by time:
     D:3: 1189 daAuts
     D:1: 1064 daAuts
     D:5: 872 daAuts
     D:2: 862 daAuts
     D:4: 558 daAuts
     D:6: 478 daAuts
  Temple: 21 daAuts
